 Dungeon Sprint DCSS version 0.26.1-11-gd32895ea62 (webtiles) character file.

Game seed: 11618635751642547980

7989 Zeld the Earth Mage (level 11, -1/43 HPs)
             Began as a Gargoyle Earth Elementalist on June 6, 2021.
             Was a High Priest of Sif Muna.
             Slain by a 12-headed hydra (5 damage)
             ... in the Dungeon (Sprint I: "Red Sonja").
             The game lasted 00:06:00 (4207 turns).

Zeld the Earth Mage (Gargoyle Earth Elementalist)   Turns: 4207, Time: 00:06:00

Health: -1/43      AC: 12    Str:  8      XL:     11   Next: 23%
Magic:  17/21      EV: 14    Int: 17      God:    Sif Muna [*****.]
Gold:   269        SH:  0    Dex:  4 (6)  Spells: 19/34 levels left

rFire    . . .     SeeInvis .   (no weapon)
rCold    . . .     Faith    .   (no shield)
rNeg     + . .     Spirit   .   c - +0 robe
rPois    ∞         Reflect  .   (no helmet)
rElec    +         Harm     .   p - +0 cloak
rCorr    .         Rampage  .   (no gloves)
Will     .....     Rnd*Rage +   q - +0 pair of boots {Stlth+} Stlth +++.......NoTele +
                                (no amulet)
HPRegen  0.00/turn              h - ring of stealth
MPRegen  0.17/turn              (no ring)

@: no status effects
A: berserk 3, blurry vision 3, clumsy 2, deterioration 2, dopey 1, frail 2, low
mp 2, negative energy resistance 1, screaming 3, electricity resistance,
inhibited regeneration, weak 2, unbreathing, petrification resistance, miasma
immunity, subdued magic 1, AC +8
a: Renounce Religion, Channel Magic, Forget Spell, Divine Exegesis


You were in the Dungeon.
You worshipped Sif Muna.
Sif Muna was extremely pleased with you.
You visited 1 branch You collected 1041 gold pieces.
You spent 772 gold pieces at shops.

Inventory:

Missiles
 b - 103 stones
Armour
 c - a +0 robe (worn)
 p - a +0 cloak (worn)
 q - a +0 pair of boots of stealth (worn)
Jewellery
 h - a ring of stealth (left hand)
Wands
 l - a wand of iceblast (5)
Scrolls
 i - a scroll of blinking
 m - 2 scrolls of random uselessness {unknown}
 r - 3 scrolls of remove curse
 s - a scroll of amnesia
Potions
 a - 2 potions of invisibility {unknown}
 d - 5 potions of curing
 e - 2 potions of heal wounds
 f - a potion of haste
 j - 3 potions of flight
 k - a potion of brilliance


   Skills:
 + Level 11.4 Dodging
 - Level 2.1 Stealth
 + Level 12.3 Spellcasting
 - Level 0.7 Transmutations
 * Level 20.6 Earth Magic
 * Level 4.0 Invocations


You had 19 spell levels left.
You knew the following spells:

 Your Spells              Type           Power        Failure   Level
a - Sandblast             Erth           100%         0%          1
b - Passwall              Tmut/Erth      30%          1%          2
c - Stone Arrow           Conj/Erth      70%          1%          3
d - Petrify               Tmut/Erth      36%          1%          4
e - Lee's Rapid Deconstr  Erth           29%          1%          5

Your spell library contained the following spells:

 Spells                   Type           Power        Failure   Level
 Foxfire                  Conj/Fire      32%          5%          1
 Blink                    Tloc           N/A          8%          2
 Conjure Flame            Conj/Fire      8%           17%         3
 Gell's Gravitas          Tloc           4%           17%         3
 Inner Flame              Hex/Fire       8%           17%         3
 Sticky Flame             Conj/Fire      8%           50%         4
 Fireball                 Conj/Fire      4%           86%         5
 Monstrous Menagerie      Summ           4%           100%        7


Dungeon Overview and Level Annotations

Branches:
Dungeon (1/1)

Altars:
Cheibriados
Dithmenos
Elyvilon
Fedhas
Gozag
Hepliaklqana
Kikubaaqudgha
Makhleb
Nemelex Xobeh
Okawaru
Qazlal
Ru
Sif Muna
Trog
Uskayaw
Vehumet
Wu Jian
Xom
Yredelemnul
Zin
The Shining One
Jiyva
Lugonu

Shops:
D ?[!**([


Innate Abilities, Weirdness & Mutations

You are resistant to torment.
Your stone body is resilient. (AC +8)
You are immune to poison.
You resist negative energy. (rN+)
You are resistant to electric shocks. (rElec)
You can survive without breathing.
You are immune to petrification.
You are immune to miasma.
You have an uncontrollable temper.
Scrolls take you much longer to read.
You are very clumsy. (Dex -4)
Your body often deteriorates upon taking damage.
You are dopey. (Int -2)
You are very frail. (-20% HP)
Your magical capacity is very low. (-20% MP)
You frequently scream uncontrollably at your foes.
You do not regenerate when monsters are visible.
You are very weak. (Str -4)
Your spells are a little easier to cast, but a little less powerful.


Message History

Press: ? - help, Dir - move target A rock wall.
Okay, then.
Casting: Passwall (safe; 1% risk of failure)
Confirm with . or Enter, or press ? or * to list all spells.
Aiming: Petrify (dangerous; 1% risk of failure)
Press: ? - help, Shift-Dir - straight line, f - 12-headed hydra
Aim: a 12-headed hydra (purple smoke, chance to affect: 29%)
The 12-headed hydra easily resists.
The 12-headed hydra bites you.
The 12-headed hydra bites you but does no damage. x2
The 12-headed hydra bites you! The 12-headed hydra bites you. x2
The 12-headed hydra bites you!
Your body deteriorates!
You feel clumsy. The 12-headed hydra bites you!
* * * LOW HITPOINT WARNING * * *
The 12-headed hydra bites you.
* * * LOW HITPOINT WARNING * * *
The 12-headed hydra bites you but does no damage.
The 12-headed hydra barely misses you. The 12-headed hydra bites you.
You die...

###############################**
..#__#..))..#..#@D§§÷§§§§§G'.$#^^
..'..'..#...##+#§####§.§§.##$.+^^
#'#__####...+,,#§#,*##§§§##**##*'
#.####,,#####,,+.#+*,###+#,,,**,,
#.#≈≈≈,,*,,**+*###^,,*,*,**,,,*,,
_.+≈≈≈,,+,,*,,^^,*,,,***,,***,*,,
._#≈≈≈,,*,,*,,,,,+,,,,,**,*,*,*,,
#'##+###**+***,,^*^,,,,*,,***,*,,
#[#..))###,+,*,,,***++**,**,,,*,,


You could see a 12-headed hydra.

Vanquished Creatures
  Sonja (D)
  A deep troll (D)
  A lindwurm (D)
  8 shining eyes (D)
  2 kobold demonologists (D)
  A slime creature (D)
  Sigmund (D)
  13 hogs (D)
  A yak (D)
  5 floating eyes (D)
  An ogre (D)
  A jelly (D)
  Ijyb (D)
  2 ballistomycete spores (D)
39 creatures vanquished.

Vanquished Creatures (others)
  the Lernaean hydra (D)
  A deep elf master archer (D)
  A merfolk siren (D)
  A gargoyle (D)
  4 hornets (D)
8 creatures vanquished.

Grand Total: 47 creatures vanquished

Notes
Turn   | Place    | Note
-------+----------+-------------------------------------------
     0 | D        | Zeld the Gargoyle Earth Elementalist began the quest for
                  | the Orb.
     0 | D        | Reached XP level 1. HP: 10/10 MP: 3/3
     3 | D        | Noticed Ijyb
    16 | D        | Killed Ijyb
    17 | D        | Reached skill level 6 in Earth Magic
    17 | D        | Reached XP level 2. HP: 15/15 MP: 0/6
    17 | D        | Reached XP level 3. HP: 19/19 MP: 0/7
   176 | D        | Learned a level 2 spell: Passwall
   180 | D        | Learned a level 3 spell: Stone Arrow
   465 | D        | Noticed an ogre
   470 | D        | Killed an ogre
   471 | D        | Reached skill level 8 in Earth Magic
   471 | D        | Reached XP level 4. HP: 9/24 MP: 3/10
   476 | D        | Learned a level 4 spell: Petrify
   647 | D        | Noticed Sigmund
   651 | D        | Killed Sigmund
   652 | D        | Reached skill level 5 in Dodging
   652 | D        | Reached skill level 11 in Earth Magic
   652 | D        | Reached XP level 5. HP: 27/28 MP: 6/13
   652 | D        | Reached XP level 6. HP: 31/32 MP: 6/15
   658 | D        | Learned a level 5 spell: Lee's Rapid Deconstruction
   928 | D        | Found a burning altar of Makhleb.
   928 | D        | Found a viscous altar of Jiyva.
   928 | D        | Found a shimmering altar of Xom.
   928 | D        | Found a corrupted altar of Lugonu.
   928 | D        | Noticed a slime creature
   935 | D        | Found an ornate altar of the Wu Jian Council.
   935 | D        | Found a shimmering blue altar of Sif Muna.
   937 | D        | Found a radiant altar of Vehumet.
   943 | D        | Became a worshipper of Sif Muna the Loreminder
  1278 | D        | Found Obujauch's Assorted Antiques.
  1278 | D        | Found an ancient bone altar of Kikubaaqudgha.
  1278 | D        | Found a hazy altar of Hepliaklqana.
  1278 | D        | Found a hide-covered altar of Uskayaw.
  1278 | D        | Found a basalt altar of Yredelemnul.
  1278 | D        | Found an opulent altar of Gozag.
  1278 | D        | Found a snail-covered altar of Cheibriados.
  1278 | D        | Found a sacrificial altar of Ru.
  1278 | D        | Found a shadowy altar of Dithmenos.
  1278 | D        | Noticed a yak
  1279 | D        | Found a stormy altar of Qazlal.
  1279 | D        | Found a blossoming altar of Fedhas.
  1279 | D        | Found a bloodstained altar of Trog.
  1279 | D        | Found an iron altar of Okawaru.
  1279 | D        | Found a glowing silver altar of Zin.
  1284 | D        | Killed a yak
  1285 | D        | Reached skill level 12 in Earth Magic
  1285 | D        | Reached XP level 7. HP: 36/36 MP: 3/17
  1410 | D        | Found a glowing golden altar of the Shining One.
  1410 | D        | Found a white marble altar of Elyvilon.
  1414 | D        | Found a sparkling altar of Nemelex Xobeh.
  1460 | D        | Bought a smoky red potion for 22 gold pieces
  1460 | D        | Bought a copper ring for 125 gold pieces
  1460 | D        | Bought a dark potion for 22 gold pieces
  1460 | D        | Bought a scroll labelled ZIBLE BUHUKK for 25 gold pieces
  1474 | D        | Noticed Sonja
  1483 | D        | Killed Sonja
  1483 | D        | Reached * piety under Sif Muna
  1484 | D        | Reached skill level 14 in Earth Magic
  1484 | D        | Reached XP level 8. HP: 3/41 MP: 6/20
  1874 | D        | Killed a hornet
  1907 | D        | Noticed a deep troll
  1910 | D        | Killed a hornet
  1912 | D        | Killed a deep troll
  1913 | D        | Reached skill level 15 in Earth Magic
  2076 | D        | Found Ykuckua's Armour Emporium.
  2081 | D        | Bought a +0 pair of boots for 58 gold pieces
  2081 | D        | Bought a +0 cloak for 58 gold pieces
  2124 | D        | Found Waeteedoum's Magic Scroll Boutique.
  2132 | D        | Bought a scroll of identify for 28 gold pieces
  2132 | D        | Bought a scroll of remove curse for 42 gold pieces
  2132 | D        | Bought a scroll of remove curse for 42 gold pieces
  2132 | D        | Bought a scroll of remove curse for 42 gold pieces
  2132 | D        | Bought a scroll of amnesia for 49 gold pieces
  2141 | D        | Noticed a shining eye
  2141 | D        | Noticed a shining eye
  2141 | D        | Noticed a shining eye
  2142 | D        | Gained mutation: You are weak. (Str -2) [a shining eye]
  2144 | D        | Noticed a shining eye
  2148 | D        | Reached ** piety under Sif Muna
  2148 | D        | Killed a shining eye
  2148 | D        | Gained mutation: You are clumsy. (Dex -2) [a shining eye]
  2149 | D        | Reached skill level 16 in Earth Magic
  2149 | D        | Reached XP level 9. HP: 45/45 MP: 2/22
  2149 | D        | Noticed a shining eye
  2149 | D        | Paralysed by a floating eye for 4 turns
  2157 | D        | Paralysed by a floating eye for 4 turns
  2162 | D        | Gained mutation: You are dopey. (Int -2) [a shining eye]
  2164 | D        | Noticed a shining eye
  2165 | D        | Gained mutation: Scrolls take you a little longer to read.
                  | [a shining eye]
  2166 | D        | Gained mutation: You occasionally shout uncontrollably at
                  | your foes. [a shining eye]
  2168 | D        | Gained mutation: You are very weak. (Str -4) [a shining
                  | eye]
  2191 | D        | Killed a hornet
  2327 | D        | Killed the 27-headed Lernaean hydra
  2383 | D        | Noticed a shining eye
  2388 | D        | Gained mutation: You are very clumsy. (Dex -4) [a shining
                  | eye]
  2389 | D        | Gained mutation: Scrolls take you longer to read. [a
                  | shining eye]
  2390 | D        | Killed a shining eye
  2390 | D        | Reached *** piety under Sif Muna
  2391 | D        | Reached skill level 10 in Spellcasting
  2391 | D        | Reached skill level 17 in Earth Magic
  2394 | D        | Gained mutation: You are frail. (-10% HP) [a shining eye]
  2396 | D        | Gained mutation: Your body sometimes deteriorates upon
                  | taking damage. [a shining eye]
  2397 | D        | Gained mutation: Your magical capacity is low. (-10% MP) [a
                  | shining eye]
  2400 | D        | Killed a shining eye
  2401 | D        | Gained mutation: Scrolls take you much longer to read. [a
                  | shining eye]
  2402 | D        | Gained mutation: You are very frail. (-20% HP) [a shining
                  | eye]
  2484 | D        | Killed a merfolk siren
  2522 | D        | Gained mutation: You do not regenerate when monsters are
                  | visible. [a shining eye]
  2528 | D        | Killed a shining eye
  2529 | D        | Reached skill level 18 in Earth Magic
  2529 | D        | Reached XP level 10. HP: 40/40 MP: 9/22
  2563 | D        | Noticed a shining eye
  2569 | D        | Gained mutation: Your body often deteriorates upon taking
                  | damage. [a shining eye]
  2573 | D        | Killed a shining eye
  2574 | D        | Reached skill level 10 in Dodging
  2671 | D        | Killed a gargoyle
  2728 | D        | Gained mutation: You tend to lose your temper in combat. [a
                  | shining eye]
  2730 | D        | Gained mutation: You often lose your temper in combat. [a
                  | shining eye]
  2731 | D        | Killed a shining eye
  2731 | D        | Reached **** piety under Sif Muna
  2732 | D        | Gained mutation: You sometimes yell uncontrollably at your
                  | foes. [a shining eye]
  2734 | D        | Gained mutation: Your spells are a little easier to cast,
                  | but a little less powerful. [a shining eye]
  2736 | D        | Gained mutation: You have an uncontrollable temper. [a
                  | shining eye]
  2737 | D        | Gained mutation: Your magical capacity is very low. (-20%
                  | MP) [a shining eye]
  2738 | D        | Killed a shining eye
  2739 | D        | Reached skill level 19 in Earth Magic
  2915 | D        | Gained mutation: You frequently scream uncontrollably at
                  | your foes. [a shining eye]
  2916 | D        | Killed a shining eye
  3117 | D        | Found Zugeaj's General Store.
  3117 | D        | Found Wiubbioh's Antique Armour Shoppe.
  3117 | D        | Found Qeth's Antique Weapon Boutique.
  3117 | D        | Found Plog's Distillery.
  3125 | D        | Bought a potion of heal wounds for 70 gold pieces
  3125 | D        | Bought a potion of curing for 42 gold pieces
  3125 | D        | Bought a potion of flight for 42 gold pieces
  3125 | D        | Bought a potion of brilliance for 56 gold pieces
  3134 | D        | Bought a scroll of magic mapping for 49 gold pieces
  3178 | D        | Noticed a kobold demonologist
  3178 | D        | Noticed a kobold demonologist
  3181 | D        | Killed a kobold demonologist
  3182 | D        | Killed a kobold demonologist
  3182 | D        | Reached ***** piety under Sif Muna
  3392 | D        | Killed a deep elf master archer
  3509 | D        | Noticed a lindwurm
  3625 | D        | Killed a lindwurm
  3625 | D        | Received a gift from Sif Muna
  3761 | D        | Reached skill level 20 in Earth Magic
  3761 | D        | Reached XP level 11. HP: 43/43 MP: 10/21
  3765 | D        | Reached skill level 1 in Invocations
  3765 | D        | Identified Sif Muna's Catalogue of Creative Dislocation
                  | (Sif Muna gifted it to you in the Dungeon)
  3765 | D        | Received a gift from Sif Muna
  4196 | D        | Noticed a 12-headed hydra
  4207 | D        | Slain by a 12-headed hydra

Illustrated notes

Levels and vault maps discovered:
D:        dungeon_sprint_1 [red_sonja_temple_1, red_sonja_temple_small_1]

Skill      XL: |  1  2  3  4  5  6  7  8  9 10 11 |
---------------+----------------------------------+-----
Dodging        | 2 4 5 6 7 8 9 11 | 11.4
Spellcasting   | 3 4 6 8 9 10 12 | 12.3
Earth Magic    | 6 8 11 12 14 16 18 20 | 20.6
Invocations    | 4 |  4.0
Stealth        | |  2.1
Transmutations | |  0.7

Action                   |  1- 3 |  4- 6 |  7- 9 | 10-12 || total
-------------------------+-------+-------+-------+-------++-------
Melee: Unarmed           |     9 |       |     3 |    35 ||    47
 Cast: Sandblast         |     7 |     6 |     7 |     4 ||    24
       Passwall          |     2 |       |       |     2 ||     4
       Stone Arrow       |       |     4 |    22 |    25 ||    51
       Lee's Rapid Decon |       |       |     4 |    13 ||    17
       Petrify           |       |       |       |     1 ||     1
  Use: Potion            |     1 |       |       |     2 ||     3
       Scroll            |       |       |     2 |     1 ||     3
Armor: Robe              |     2 |     2 |       |    14 ||    18
Dodge: Dodged            |     5 |     3 |     3 |    34 ||    45
